[Event "Titled Tuesday Blitz January 03 Early 2023"]
[White "Clawitter, Craig"]
[Black "Sanchez, Robert"]
[WhiteFideId "2023105"]
[BlackFideId "2034360"]
[WhiteElo "2050"]
[BlackElo "1966"]
[Result "0-1"]
[Round "10"]
[TimeControl "180+2"]
[Date "2023.01.03"]
[WhiteClock "0:00:01"]
[BlackClock "0:00:12"]

1. e4 d5 2. exd5 Qxd5 3. Nc3 Qe6+ 4. Be2 Qg6 5. Nf3 Qxg2 6. Rg1 Qh3 7. d4 c6 8. Bc4 e6 9. Bf4 h6 10. Qe2 Nf6 11. O-O-O b5 12. Bb3 a5 13. a4 b4 14. Ne4 Be7 15. Rxg7 Nh5 16. Rxf7 Kxf7 17. Ne5+ Ke8 18. Bd2 Qf5 19. Rg1 Ba6 20. Qe3 Nf6 21. Nc5 Nd5 22. Qg3 Bg5 23. h4 Bxd2+ 24. Kxd2 Qf4+ 25. Qxf4 Nxf4 26. Rg7 Nd5 27. Ng6 Rf8 0-1


[Site "https://www.chess.com"]

[Event "Titled Tuesday Blitz January 03 Early 2023"]
[White "Jiganchine, Roman"]
[Black "Sailer, Mike"]
[WhiteFideId "2603667"]
[BlackFideId "2012901"]
[WhiteElo "2205"]
[BlackElo "2109"]
[Result "1-0"]
[Round "10"]
[TimeControl "180+2"]
[Date "2023.01.03"]
[WhiteClock "0:01:08"]
[BlackClock "0:00:00"]

1. e4 d5 2. exd5 Qxd5 3. Nc3 Qd6 4. Nf3 Nf6 5. g4 Nxg4 6. d3 Nf6 7. Rg1 Bg4 8. Be2 e6 9. Be3 Nbd7 10. Qd2 c6 11. Bf4 Qb4 12. a3 Qa5 13. b4 Bxb4 14. axb4 Qxa1+ 15. Nd1 O-O-O 16. b5 Nd5 17. bxc6 Bxf3 18. cxd7+ Rxd7 19. Bxf3 Nxf4 20. Qxf4 Rhd8 21. Qc4+ Rc7 22. Qb3 Qe5+ 23. Ne3 Qxh2 24. Rxg7 Qf4 25. Ke2 Qf6 26. Rg4 Kb8 27. Rb4 b6 28. Nc4 Qd4 29. Nxb6 Qe5+ 30. Re4 axb6 31. Rxe5 1-0


[Site "https://www.chess.com"]

[Event "Titled Tuesday Blitz January 03 Early 2023"]
[White "Vasques, Antonio Pedro Freixial"]
[Black "Zainullina, Nataliya"]
[WhiteFideId "1908332"]
[BlackFideId "4145488"]
[WhiteElo "2214"]
[BlackElo "2099"]
[Result "1-0"]
[Round "10"]
[TimeControl "180+2"]
[Date "2023.01.03"]
[WhiteClock "0:00:57"]
[BlackClock "0:01:34"]

1. e4 c6 2. d3 d5 3. Nd2 g6 4. Ngf3 Bg7 5. g3 e5 6. Bg2 Nf6 7. O-O Qe7 8. exd5 cxd5 9. Nxe5 O-O 10. Re1 Qd8 11. a4 Nc6 12. Ndf3 Bg4 13. Nxg4 Nxg4 14. c3 a5 15. d4 h5 16. Bf4 Nf6 17. Ne5 h4 18. Qb3 hxg3 19. hxg3 Qc8 20. Bxd5 Nxd5 21. Qxd5 Ne7 22. Qb3 Qh3 23. Nxf7 Rxf7 24. Rxe7 Rf8 25. Rae1 Bf6 26. Rxb7 Kg7 27. Rxf7+ Rxf7 28. Qd5 Rf8 29. Be5 Qf5 30. Bxf6+ Qxf6 31. Qe5 Qxe5 32. Rxe5 1-0


[Site "https://www.chess.com"]

[Event "Titled Tuesday Blitz January 03 Early 2023"]
[White "Hernandez Bonilla, Amelia"]
[Black "Zaksaite, Salomeja"]
[WhiteFideId "3900193"]
[BlackFideId "12801496"]
[WhiteElo "1960"]
[BlackElo "2283"]
[Result "1-0"]
[Round "10"]
[TimeControl "180+2"]
[Date "2023.01.03"]
[WhiteClock "0:00:13"]
[BlackClock "0:00:04"]

1. d4 Nf6 2. Bf4 g6 3. Nc3 d5 4. e3 Bg7 5. Nf3 O-O 6. Be2 c6 7. h3 Nbd7 8. O-O Ne4 9. Nxe4 dxe4 10. Nd2 f5 11. f3 exf3 12. Nxf3 c5 13. Bc4+ Kh8 14. Ng5 cxd4 15. exd4 Qb6 16. c3 e5 17. Be3 Bh6 18. Nf7+ Rxf7 19. Bxh6 Re7 20. Kh1 exd4 21. Bg5 Nf6 22. Re1 Rxe1+ 23. Qxe1 Ne4 24. Bf4 Be6 25. Bd3 dxc3 26. bxc3 Bd5 27. Be5+ Kg8 28. c4 Bc6 29. Bxe4 Bxe4 30. Qh4 Re8 31. Bc3 Qc6 32. Rg1 Qe6 33. Qh6 Qf7 34. h4 Rc8 35. h5 Rxc4 36. Ba1 Rc2 37. hxg6 Qxg6 38. Qh3 Qg4 39. Qxg4+ fxg4 40. Kh2 h5 41. Kg3 Rxa2 42. Kf4 Bg6 43. Kg5 Kh7 44. Bf6 Ra5+ 45. Kh4 Ra4 46. g3 Ra2 47. Rc1 Ra5 48. Rc7+ Kh6 49. Bg7+ Kh7 50. Bc3+ 1-0


[Site "https://www.chess.com"]

[Event "Titled Tuesday Blitz January 03 Early 2023"]
[White "Zaichenko, Daria"]
[Black "Cardozo Munar, Carlos Eduardo"]
[WhiteFideId "4197453"]
[BlackFideId "4409477"]
[WhiteElo "2104"]
[BlackElo "2043"]
[Result "1/2-1/2"]
[Round "10"]
[TimeControl "180+2"]
[Date "2023.01.03"]
[WhiteClock "0:01:41"]
[BlackClock "0:01:55"]

1. e4 e6 2. d4 d5 3. Bd3 dxe4 4. Bxe4 Nf6 5. Bf3 Nbd7 6. Ne2 Be7 7. O-O O-O 8. c4 c5 9. Nbc3 cxd4 10. Qxd4 a6 11. Bg5 h6 12. Bh4 Nc5 13. Rad1 Qxd4 14. Rxd4 e5 15. Bxf6 Bxf6 16. Rd5 Ne6 17. Ne4 Rb8 18. Nxf6+ gxf6 19. Ng3 b5 20. b3 bxc4 21. bxc4 Bb7 22. Rd6 Bxf3 23. gxf3 Rfc8 24. Nh5 Rxc4 25. Nxf6+ Kg7 26. Nd7 Rb5 27. Re1 Ra4 28. Nxe5 Rxa2 29. Rd7 Ng5 30. Kg2 Rbb2 31. Nd3 Rd2 32. h4 Ne6 33. Rxe6 Rxd3 34. Rxa6 Rxf2+ 35. Kxf2 Rxd7 36. Kg3 1/2-1/2


[Site "https://www.chess.com"]

[Event "Titled Tuesday Blitz January 03 Early 2023"]
[White "Slovineanu"]
[Black "Winkels, Marcel"]
[BlackFideId "1003887"]
[WhiteElo "2294"]
[BlackElo "1960"]
[Result "0-1"]
[Round "10"]
[TimeControl "180+2"]
[Date "2023.01.03"]
[WhiteClock "0:00:02"]
[BlackClock "0:00:03"]

1. e4 c5 2. Nf3 e6 3. d4 cxd4 4. Nxd4 Nc6 5. Nc3 a6 6. Be3 Bb4 7. Nxc6 bxc6 8. Bd2 Nf6 9. Bd3 Qc7 10. a3 Bd6 11. Qe2 Be5 12. g3 d5 13. f4 Bd4 14. e5 Nd7 15. Na4 Rb8 16. c3 Ba7 17. b4 a5 18. Be3 O-O 19. Bxa7 Qxa7 20. Qf2 Qxf2+ 21. Kxf2 Ra8 22. Ke3 Ba6 23. Nb2 Bxd3 24. Kxd3 f6 25. exf6 gxf6 26. Rae1 e5 27. Kc2 axb4 28. axb4 e4 29. Ra1 f5 30. Kd2 Nf6 31. Ke3 Ng4+ 32. Kd4 Rfe8 33. h3 Nf2 34. Rh2 e3 35. Rxa8 Rxa8 36. Kxe3 Ne4 37. Kd3 Kf7 38. g4 Ra3 39. Rc2 Kf6 40. Kd4 fxg4 41. hxg4 Ra1 42. g5+ Kf5 43. Rd2 Kxf4 44. Rd3 Kxg5 45. c4 dxc4 46. Nxc4 Nf6 47. Kc5 Rc1 48. Rd4 Ng4 49. Kxc6 Ne5+ 50. Kd5 Nf7 51. Kc5 h5 52. Rd5+ Kg4 53. b5 h4 54. Kb4 Rb1+ 55. Kc5 Rc1 56. Kb4 Ra1 57. Kc5 Rb1 58. b6 Ng5 59. Ne5+ Kg3 60. Rd4 Ne6+ 61. Kd5 Nxd4 62. Kxd4 Rxb6 0-1


[Site "https://www.chess.com"]

[Event "Titled Tuesday Blitz January 03 Early 2023"]
[White "Aung Thant Zin"]
[Black "Wilson, Elvin"]
[WhiteFideId "13000063"]
[BlackFideId "2014874"]
[WhiteElo "2268"]
[BlackElo "2183"]
[Result "0-1"]
[Round "10"]
[TimeControl "180+2"]
[Date "2023.01.03"]
[WhiteClock "0:00:01"]
[BlackClock "0:01:01"]

1. e4 e6 2. d4 d5 3. Nc3 Bb4 4. exd5 exd5 5. Bd3 Nf6 6. Ne2 O-O 7. O-O Bg4 8. f3 Bh5 9. Nf4 Bg6 10. Nxg6 hxg6 11. Bg5 c6 12. f4 Qb6 13. Ne2 Nh7 14. Bh4 Nd7 15. f5 gxf5 16. Bxf5 Ndf6 17. c3 Bd6 18. Bg3 Qc7 19. Qd3 Rae8 20. Bxd6 Qxd6 21. Ng3 Ng5 22. Rae1 Rxe1 23. Rxe1 Re8 24. Rxe8+ Nxe8 25. Qe3 Qd8 26. h4 Nh7 27. Qf4 g6 28. Bd3 Nhf6 29. Qg5 Ng7 30. h5 Ne6 31. Qh4 Nxh5 0-1


[Site "https://www.chess.com"]

[Event "Titled Tuesday Blitz January 03 Early 2023"]
[White "Thiel, Thomas"]
[Black "Gonzalez, Francisco Silva"]
[WhiteFideId "4615964"]
[BlackFideId "1512285"]
[WhiteElo "2234"]
[BlackElo "2021"]
[Result "1-0"]
[Round "10"]
[TimeControl "180+2"]
[Date "2023.01.03"]
[WhiteClock "0:01:00"]
[BlackClock "0:01:31"]

1. e4 e5 2. Nf3 Nc6 3. d4 exd4 4. Nxd4 Bc5 5. Nb3 Bb6 6. Nc3 d6 7. Qe2 Nge7 8. Bg5 h6 9. Bh4 Ne5 10. O-O-O Bg4 11. f3 Be6 12. Nd4 g5 13. Nxe6 fxe6 14. Bg3 N7g6 15. Bxe5 Nxe5 16. h4 Qf6 17. hxg5 hxg5 18. Rxh8+ Qxh8 19. Qb5+ Ke7 20. Be2 Qh2 21. Bf1 Qg1 22. Kb1 Rh8 23. a4 a6 24. Qb3 Qc5 25. Ne2 Nc4 26. Nd4 d5 27. exd5 exd5 28. Bxc4 dxc4 29. Qe3+ Kf6 30. Qe6+ Kg7 31. Nf5+ Qxf5 32. Qxf5 Rh1 33. Rxh1 Bg1 34. Rh7+ 1-0


[Site "https://www.chess.com"]

[Event "Titled Tuesday Blitz January 03 Early 2023"]
[White "Ivanova, Karina"]
[Black "Bashirli, Saadat"]
[WhiteFideId "24139750"]
[BlackFideId "13429990"]
[WhiteElo "2085"]
[BlackElo "1571"]
[Result "1-0"]
[Round "10"]
[TimeControl "180+2"]
[Date "2023.01.03"]
[WhiteClock "0:01:21"]
[BlackClock "0:01:25"]

1. Nf3 d5 2. g3 Nf6 3. Bg2 Bg4 4. O-O e6 5. h3 Bf5 6. d3 c5 7. c4 Nc6 8. cxd5 exd5 9. Nc3 Bd6 10. e4 dxe4 11. dxe4 Be6 12. Re1 Ne5 13. Nxe5 Bxe5 14. Be3 Qe7 15. Qa4+ Bd7 16. Qb3 Bc6 17. Nd5 Qd7 18. Bxc5 b6 19. Ba3 Qe6 20. f4 Bd6 21. Nxf6+ gxf6 22. Qxe6+ fxe6 23. Bxd6 Rc8 24. Rac1 Kd7 25. e5 Bxg2 26. Kxg2 fxe5 27. Bxe5 Rxc1 28. Rxc1 Rg8 29. Rc7+ Kd8 30. Rxa7 1-0


[Site "https://www.chess.com"]

[Event "Titled Tuesday Blitz January 03 Early 2023"]
[White "Schut, Han"]
[Black "Lauridsen, Jesper Morch"]
[WhiteFideId "1005561"]
[BlackFideId "1401890"]
[WhiteElo "2101"]
[BlackElo "2309"]
[Result "1-0"]
[Round "10"]
[TimeControl "180+2"]
[Date "2023.01.03"]
[WhiteClock "0:00:30"]
[BlackClock "0:00:12"]

1. e4 c5 2. Nf3 g6 3. c4 Bg7 4. d4 cxd4 5. Nxd4 Nc6 6. Nc2 Nf6 7. Nc3 O-O 8. Be2 d6 9. Be3 Be6 10. Rc1 a6 11. O-O Rc8 12. b3 Ng4 13. Bxg4 Bxg4 14. Qd2 Qa5 15. b4 Qe5 16. Nd5 Be6 17. Nb6 Rcd8 18. f3 Qc3 19. Qxc3 Bxc3 20. b5 axb5 21. cxb5 Ne5 22. Nd4 Bxd4 23. Bxd4 Bxa2 24. Rc7 e6 25. Rxb7 Nc4 26. Nd7 Na5 27. Ra7 Ra8 28. b6 Rxa7 29. bxa7 Ra8 30. Ra1 Nc6 31. Rxa2 Nxd4 32. Nb6 1-0


[Site "https://www.chess.com"]

[Event "Titled Tuesday Blitz January 03 Early 2023"]
[White "Martin, Lewis"]
[Black "Eisa Mohmood, Alkhoori"]
[WhiteFideId "410551"]
[BlackFideId "9316116"]
[WhiteElo "2135"]
[BlackElo "1095"]
[Result "1-0"]
[Round "10"]
[TimeControl "180+2"]
[Date "2023.01.03"]
[WhiteClock "0:01:20"]
[BlackClock "0:01:32"]

1. e4 c5 2. Nf3 d6 3. d4 cxd4 4. Nxd4 Nf6 5. Nc3 g6 6. g3 Bg7 7. Bg2 O-O 8. O-O Nc6 9. Nde2 Rb8 10. a4 a6 11. h3 b5 12. Be3 b4 13. Nd5 Nd7 14. c3 e6 15. Ndf4 Nde5 16. cxb4 Rxb4 17. b3 Nd7 18. Qxd6 Bxa1 19. Rxa1 Ndb8 20. Qc5 Rxb3 21. e5 Bd7 22. Rd1 Qe7 23. Bxc6 Qxc5 24. Bxc5 Bxc6 25. Bxf8 Kxf8 26. Nd4 Bxa4 27. Nxb3 Bxb3 28. Rd8+ 1-0


[Site "https://www.chess.com"]

[Event "Titled Tuesday Blitz January 03 Early 2023"]
[White "Gavilan Diaz, Mario"]
[Black "Larina, Maria"]
[WhiteFideId "2260905"]
[BlackFideId "24113182"]
[WhiteElo "2271"]
[BlackElo "1948"]
[Result "1-0"]
[Round "10"]
[TimeControl "180+2"]
[Date "2023.01.03"]
[WhiteClock "0:00:25"]
[BlackClock "0:00:08"]

1. d4 f5 2. Nc3 Nf6 3. f3 d5 4. Bg5 e6 5. e4 fxe4 6. fxe4 dxe4 7. Nxe4 Be7 8. Bxf6 Bxf6 9. Qh5+ g6 10. Qh6 Qxd4 11. Bd3 Qxb2 12. Rd1 Bc3+ 13. Ke2 Bg7 14. Qf4 Qe5 15. Qh4 Nc6 16. Nf3 Qa5 17. Rhf1 O-O 18. Neg5 h6 19. Bxg6 Rxf3 20. Nxf3 e5 21. Rd8+ Nxd8 22. Qxd8+ Bf8 23. Qe8 Qa6+ 24. Kf2 Qe6 25. Kg1 Qxe8 26. Bxe8 Bd6 27. Nh4 Bg4 28. Bg6 Rf8 29. Re1 Rf4 30. Be4 c6 31. Ng6 Rf6 32. h3 Bh5 33. Nh4 Kg7 34. Nf5+ Rxf5 35. Bxf5 Kf6 36. g4 Bc5+ 37. Kg2 Bf7 38. Rf1 Bd5+ 39. Be4+ Ke6 40. Re1 b5 41. Kf3 a5 42. Rd1 Bd4 43. Bxd5+ cxd5 44. Rb1 e4+ 45. Ke2 b4 46. Rb3 Bc3 47. a3 Ke5 48. axb4 axb4 49. Rb1 d4 50. Rf1 Bb2 51. Rf8 e3 52. Rf5+ Ke4 53. Rf8 Ke5 54. Re8+ Kf4 55. Rf8+ Kg3 56. Rf3+ Kh4 57. Rf5 Kxh3 58. Rh5+ Kxg4 59. Rxh6 Kf4 60. Rb6 Ke4 61. Rxb4 Bc3 62. Rc4 Kd5 63. Kd3 Ke5 64. Rc5+ Kd6 65. Rc8 Kd5 66. Re8 Kc5 67. Re5+ Kb4 68. Re4 Ka3 69. Rxe3 dxe3 70. Kxc3 e2 71. Kd2 e1=Q+ 72. Kxe1 Kb4 73. Kd2 Kc4 74. c3 Kc5 75. Kd3 Kd5 76. c4+ Kc5 77. Kc3 Kc6 78. Kb4 Kb6 79. Kb3 Kc5 80. Kc3 Kc6 81. Kd3 Kd6 82. Kd4 Kc6 83. c5 Kc7 84. Kc3 Kc6 85. Kc4 Kc7 86. Kd5 Kd7 87. Kd4 Kc6 88. Kc4 Kc7 89. Kb4 Kb7 90. Kb5 Kc7 91. c6 Kc8 92. Kc5 Kc7 93. Kd5 Kc8 94. Kd6 Kd8 95. Kc5 Kc7 96. Kb5 Kb8 97. Kb6 Kc8 98. c7 Kd7 99. Kb7 1-0


[Site "https://www.chess.com"]

[Event "Titled Tuesday Blitz January 03 Early 2023"]
[White "Suduvasachmatai"]
[Black "Martinez, Shawn"]
[BlackFideId "2039770"]
[WhiteElo "2107"]
[BlackElo "1881"]
[Result "0-1"]
[Round "10"]
[TimeControl "180+2"]
[Date "2023.01.03"]
[WhiteClock "0:00:15"]
[BlackClock "0:00:16"]

1. e4 c5 2. c3 d5 3. exd5 Qxd5 4. d4 Nf6 5. Nf3 Nc6 6. Be2 Bg4 7. O-O cxd4 8. cxd4 e6 9. Nc3 Qd6 10. Ne5 Bxe2 11. Nxe2 Be7 12. Bf4 Nd5 13. Bg3 Qb4 14. Nxc6 bxc6 15. Qc2 O-O 16. Rad1 Rac8 17. Nc3 Nf6 18. a3 Qa5 19. Be5 Rfd8 20. Ne4 Nd5 21. Nc3 c5 22. Nxd5 Rxd5 23. Bg3 Qb5 24. Rfe1 h6 25. Re3 Qd7 26. Red3 cxd4 27. Qd2 e5 28. h3 Bf6 29. Rc1 Rxc1+ 30. Qxc1 e4 31. Rb3 Bg5 32. Qc4 Kh7 33. Qe2 f5 34. Rb8 d3 35. Qd1 f4 36. Bh2 e3 37. fxe3 fxe3 38. Qf3 d2 39. Qe4+ Qf5 40. Qxf5+ Rxf5 41. Rd8 e2 0-1


[Site "https://www.chess.com"]

[Event "Titled Tuesday Blitz January 03 Early 2023"]
[White "Samaganova, Aleksandra"]
[Black "Fernandez Hernandez, Gerardo"]
[WhiteFideId "13800221"]
[BlackFideId "2207400"]
[WhiteElo "1856"]
[BlackElo "2181"]
[Result "1-0"]
[Round "10"]
[TimeControl "180+2"]
[Date "2023.01.03"]
[WhiteClock "0:00:03"]
[BlackClock "0:00:01"]

1. c4 e5 2. Nc3 Nc6 3. g3 f5 4. Bg2 Nf6 5. e3 Bb4 6. Nge2 d6 7. Nd5 O-O 8. O-O Nxd5 9. cxd5 Ne7 10. d3 Qe8 11. e4 fxe4 12. dxe4 Qh5 13. Nc3 Bg4 14. f3 Bc5+ 15. Kh1 Bh3 16. Qd3 Rf6 17. Be3 Bxe3 18. Qxe3 Raf8 19. Ne2 Rh6 20. Qg1 g5 21. Rac1 c5 22. dxc6 Nxc6 23. Rcd1 Rhf6 24. Qe3 Bxg2+ 25. Kxg2 Rh6 26. Rh1 Qh3+ 27. Kg1 Qh5 28. Kg2 Qh3+ 29. Kg1 Qh5 30. Rf1 Rhf6 31. Kg2 g4 32. f4 Qh3+ 33. Kg1 exf4 34. Nxf4 Qh6 35. Rd1 Ne5 36. Kg2 Nf3 37. Rd5 Rxf4 38. gxf4 Rxf4 39. Kf2 Ne5+ 40. Ke2 1-0


[Site "https://www.chess.com"]

[Event "Titled Tuesday Blitz January 03 Early 2023"]
[White "monkins"]
[Black "Johnson, Ben"]
[BlackFideId "2010917"]
[WhiteElo "2242"]
[BlackElo "1961"]
[Result "0-1"]
[Round "10"]
[TimeControl "180+2"]
[Date "2023.01.03"]
[WhiteClock "0:00:02"]
[BlackClock "0:00:27"]

1. Nf3 d5 2. c4 e6 3. g3 Nf6 4. Bg2 dxc4 5. Qa4+ Bd7 6. Qxc4 c5 7. Ne5 Qc8 8. O-O Nc6 9. Nxd7 Qxd7 10. d3 Be7 11. Be3 Rc8 12. a3 O-O 13. Nc3 b6 14. Rac1 Rfd8 15. Rfe1 Nd5 16. Bd2 Na5 17. Qa2 Nc6 18. Rb1 Bf6 19. Nxd5 exd5 20. b4 Nd4 21. bxc5 Rxc5 22. Rbc1 Rdc8 23. Rxc5 Rxc5 24. Be3 Rc2 25. Qxd5 Qxd5 26. Bxd5 Nxe2+ 27. Kf1 Nc3 28. Bd4 Kf8 29. Bxf6 Nxd5 30. Be5 f6 31. Bd6+ Kf7 32. Bb8 a6 33. Re2 Rc3 34. Rd2 Rxa3 0-1


[Site "https://www.chess.com"]

[Event "Titled Tuesday Blitz January 03 Early 2023"]
[White "Guevara Sanchez, Erick Marvin"]
[Black "Hartikainen, Jarmo"]
[WhiteFideId "6700136"]
[BlackFideId "503134"]
[WhiteElo "2073"]
[BlackElo "2108"]
[Result "0-1"]
[Round "10"]
[TimeControl "180+2"]
[Date "2023.01.03"]
[WhiteClock "0:00:25"]
[BlackClock "0:00:42"]

1. e4 c5 2. Nf3 d6 3. d4 cxd4 4. Nxd4 Nf6 5. Nc3 Nc6 6. Be2 e5 7. Nb3 Be7 8. f4 O-O 9. O-O exf4 10. Bxf4 Ne5 11. Kh1 Be6 12. Nd4 Rc8 13. Nxe6 fxe6 14. Bxe5 dxe5 15. Bg4 Qb6 16. Bh3 Rc6 17. Qe2 Qxb2 18. Nb5 a6 19. Na7 Rxc2 20. Bxe6+ Kh8 21. Qf3 Qd4 22. Nc8 Rcxc8 23. Bxc8 Rxc8 24. Rfe1 Rc3 25. Qf5 h6 26. Rad1 Re3 27. Rxe3 Qxd1+ 28. Re1 Qxe1+ 0-1


[Site "https://www.chess.com"]

[Event "Titled Tuesday Blitz January 03 Early 2023"]
[White "Broca Jimenez, Fernando"]
[Black "Vargas, Mauricio"]
[WhiteFideId "5104742"]
[BlackFideId "4404572"]
[WhiteElo "2075"]
[BlackElo "2035"]
[Result "0-1"]
[Round "10"]
[TimeControl "180+2"]
[Date "2023.01.03"]
[WhiteClock "0:00:01"]
[BlackClock "0:00:41"]

1. e4 c6 2. d4 d5 3. Nc3 dxe4 4. Nxe4 Nf6 5. Nxf6+ exf6 6. Nf3 Bd6 7. Bd3 O-O 8. O-O Re8 9. Be3 Bg4 10. h3 Bh5 11. g4 Bg6 12. Re1 Nd7 13. Qd2 Nf8 14. Rad1 Bc7 15. Bf4 Ne6 16. Bxc7 Qxc7 17. Bxg6 hxg6 18. Re4 Rad8 19. Qe3 Qb6 20. b3 Rd7 21. Re1 Red8 22. c3 c5 23. dxc5 Nxc5 24. Re8+ Kh7 25. Rxd8 Rxd8 26. Nh4 Ne6 27. Qe4 Qc6 28. Qxc6 bxc6 29. Re2 Rd1+ 30. Kh2 Rd3 31. Ng2 Rxc3 32. Rd2 a5 33. Re2 a4 34. bxa4 Ra3 35. Rc2 c5 36. Ne3 Rxa4 37. Nc4 Nd4 38. Rc3 Rxa2 39. Kg3 Ne2+ 0-1


[Site "https://www.chess.com"]

[Event "Titled Tuesday Blitz January 03 Early 2023"]
[White "Mohammadian, Mohammad"]
[Black "Dos Santos, Emmanuel"]
[WhiteFideId "12566055"]
[BlackFideId "2103559"]
[WhiteElo "1398"]
[BlackElo "2261"]
[Result "1-0"]
[Round "10"]
[TimeControl "180+2"]
[Date "2023.01.03"]
[WhiteClock "0:00:31"]
[BlackClock "0:00:21"]

1. e4 d5 2. exd5 Nf6 3. Nc3 Nxd5 4. Nxd5 Qxd5 5. d4 c5 6. Nf3 Bg4 7. Be2 Nc6 8. c3 cxd4 9. Nxd4 Bxe2 10. Nxe2 O-O-O 11. Qa4 Qxg2 12. Rg1 Qd5 13. Be3 g6 14. Bxa7 Nxa7 15. Qxa7 Qd2+ 16. Kf1 e5 17. Qa8+ Kc7 18. Qa5+ Kb8 19. Qxe5+ Bd6 20. Qa5 Rhe8 21. Nd4 Bc7 22. Qb5 Re5 23. Nc6+ Kc8 24. Nxe5 Bxe5 25. Qxe5 1-0


[Site "https://www.chess.com"]

[Event "Titled Tuesday Blitz January 03 Early 2023"]
[White "KSho99"]
[Black "Ocelak, Jakub"]
[BlackFideId "23707933"]
[WhiteElo "2118"]
[BlackElo "2198"]
[Result "0-1"]
[Round "10"]
[TimeControl "180+2"]
[Date "2023.01.03"]
[WhiteClock "0:00:01"]
[BlackClock "0:00:14"]

1. e4 c5 2. Nf3 Nc6 3. Bb5 e5 4. Bxc6 dxc6 5. O-O Bd6 6. b3 Nf6 7. Bb2 Qe7 8. d3 Bg4 9. Nbd2 O-O 10. h3 Bh5 11. Re1 Nd7 12. Nf1 Bc7 13. g4 Bg6 14. Ng3 Rfd8 15. Nf5 Qe8 16. Qd2 Nf8 17. Qg5 Ne6 18. Qe3 Nd4 19. N3xd4 exd4 20. Qd2 Qe5 21. f3 Re8 22. Qg2 b5 23. Bc1 Bxf5 24. gxf5 g6 25. f4 Qg7 26. fxg6 hxg6 27. Bd2 Kh7 28. Qg5 Rh8 29. Qe7 Bb8 30. Re2 Qf8 31. Qb7 Bd6 32. Qxc6 Rb8 33. Rg2 Rb6 34. Qd7 Bb8 35. f5 gxf5 0-1


[Site "https://www.chess.com"]

[Event "Titled Tuesday Blitz January 03 Early 2023"]
[White "Tuleyeva-Aketayeva, Dana"]
[Black "Mitrovic, Darko R"]
[WhiteFideId "13701932"]
[BlackFideId "927023"]
[WhiteElo "2130"]
[BlackElo "2220"]
[Result "0-1"]
[Round "10"]
[TimeControl "180+2"]
[Date "2023.01.03"]
[WhiteClock "0:00:03"]
[BlackClock "0:00:17"]

1. d4 Nf6 2. Nf3 b6 3. g3 e6 4. Bg2 d5 5. O-O c6 6. c4 Be7 7. b3 O-O 8. Bb2 a5 9. Nc3 Ba6 10. Ne5 Nfd7 11. cxd5 cxd5 12. Qd2 Nxe5 13. dxe5 Nd7 14. Rfc1 Rc8 15. Nd1 Bb4 16. Qe3 Bc5 17. Qd2 f6 18. exf6 Nxf6 19. Ne3 Qe7 20. Bf3 Rf7 21. Nc2 Bxf2+ 22. Kg2 Bc5 23. a3 Rcf8 24. b4 Bd6 25. Ne3 Ne4 26. Qe1 Bb7 27. bxa5 bxa5 28. Bd4 e5 29. Bb2 d4 30. Nc4 Ng5 31. Bxb7 Qxb7+ 32. Kg1 Nh3# 0-1


[Site "https://www.chess.com"]

[Event "Titled Tuesday Blitz January 03 Early 2023"]
[White "Blindsplieler"]
[Black "Gundam, Rohit"]
[BlackFideId "75002809"]
[WhiteElo "2071"]
[BlackElo "2058"]
[Result "0-1"]
[Round "10"]
[TimeControl "180+2"]
[Date "2023.01.03"]
[WhiteClock "0:01:54"]
[BlackClock "0:02:56"]

1. d4 Nf6 2. c4 e6 3. g3 Bb4+ 4. Bd2 Qe7 5. Nf3 Nc6 6. Nc3 Bxc3 7. Bxc3 Ne4 8. Rc1 d6 9. Bg2 O-O 10. O-O Nxc3 11. Rxc3 e5 12. d5 Nd8 13. e4 b6 14. b4 a5 15. a3 axb4 16. axb4 Nb7 17. Ne1 Ra2 18. Nd3 Bd7 19. f4 Rfa8 20. c5 bxc5 21. bxc5 Bb5 22. c6 Nc5 23. Nxc5 Bxf1 24. Bxf1 dxc5 25. fxe5 Qxe5 26. Bg2 Ra1 27. Rc1 Rxc1 28. Qxc1 Ra1 0-1


[Site "https://www.chess.com"]

[Event "Titled Tuesday Blitz January 03 Early 2023"]
[White "Flis, Pawel"]
[Black "Pace, Christopher"]
[WhiteFideId "1112864"]
[BlackFideId "2610167"]
[WhiteElo "1879"]
[BlackElo "2053"]
[Result "1/2-1/2"]
[Round "10"]
[TimeControl "180+2"]
[Date "2023.01.03"]
[WhiteClock "0:00:40"]
[BlackClock "0:00:43"]

1. e4 e5 2. d4 exd4 3. Nf3 Nc6 4. Bc4 Nf6 5. e5 d5 6. Bb5 Ne4 7. Nxd4 Bd7 8. Bxc6 bxc6 9. O-O Bc5 10. f3 Ng5 11. Be3 Bb6 12. f4 Ne4 13. Nd2 Nxd2 14. Qxd2 c5 15. Ne2 d4 16. Bf2 O-O 17. c4 f6 18. Bg3 fxe5 19. fxe5 Qe7 20. Rae1 Bc6 21. Nf4 Rad8 22. Nd3 Qe6 23. b3 a5 24. Rxf8+ Rxf8 25. Rf1 Rxf1+ 26. Kxf1 Qf5+ 27. Kg1 g5 28. Qe2 Kf7 29. e6+ Qxe6 30. Qh5+ Kf8 31. Qxg5 Qe2 32. Qf6+ Kg8 33. Qg5+ Kf8 34. Qf6+ Kg8 35. Qg5+ Kf8 1/2-1/2


[Site "https://www.chess.com"]

[Event "Titled Tuesday Blitz January 03 Early 2023"]
[White "Tarnowska, Aleksandra"]
[Black "Necula, Iulian"]
[WhiteFideId "1180967"]
[BlackFideId "1232380"]
[WhiteElo "1835"]
[BlackElo "1851"]
[Result "0-1"]
[Round "10"]
[TimeControl "180+2"]
[Date "2023.01.03"]
[WhiteClock "0:00:01"]
[BlackClock "0:00:49"]

1. e4 c5 2. Nf3 d6 3. Bb5+ Bd7 4. Bxd7+ Nxd7 5. O-O Ngf6 6. c3 g6 7. Re1 Bg7 8. d4 cxd4 9. cxd4 O-O 10. Nc3 a6 11. Bg5 h6 12. Be3 Ng4 13. Qd2 Nxe3 14. Qxe3 Rc8 15. Rad1 Qb6 16. Na4 Qa7 17. Rc1 b5 18. Nc3 Nf6 19. h3 Rc4 20. Nd5 Rfc8 21. Rxc4 Rxc4 22. Nxf6+ Bxf6 23. e5 dxe5 24. dxe5 Qxe3 25. Rxe3 Bg7 26. Re2 Rc1+ 27. Kh2 b4 28. Nd4 Ra1 29. Nc6 Rxa2 30. Nxb4 Ra1 31. Nc6 Bf8 32. e6 a5 33. exf7+ Kxf7 34. Ne5+ Kg7 35. Nd7 Ra4 36. f3 Rf4 37. Re5 Rf5 38. Rxf5 gxf5 39. b3 Kf7 40. Nc5 Bg7 41. Nb7 Be5+ 0-1


[Site "https://www.chess.com"]

[Event "Titled Tuesday Blitz January 03 Early 2023"]
[White "Kniazev, Igor"]
[Black "Steenbekkers, Franck"]
[WhiteFideId "4136349"]
[BlackFideId "1004220"]
[WhiteElo "2057"]
[BlackElo "2164"]
[Result "1-0"]
[Round "10"]
[TimeControl "180+2"]
[Date "2023.01.03"]
[WhiteClock "0:00:09"]
[BlackClock "0:00:44"]

1. e4 e6 2. d4 d5 3. exd5 exd5 4. Nf3 Nf6 5. Bf4 Bd6 6. Qd2 O-O 7. Nc3 Bb4 8. O-O-O Ne4 9. Qe1 c6 10. Bd3 Nxc3 11. bxc3 Ba3+ 12. Kd2 Re8 13. Ne5 f6 14. Qe2 fxe5 15. Bxe5 Qg5+ 16. f4 Qe7 17. Qh5 h6 18. Qg6 Qf7 19. Qh7+ Kf8 20. Rde1 Be6 21. f5 Qg8 22. Qg6 Bf7 23. Bd6+ Bxd6 24. Qxd6+ Re7 25. Qxe7# 1-0


[Site "https://www.chess.com"]

[Event "Titled Tuesday Blitz January 03 Early 2023"]
[White "Tharushi, T H D Niklesha"]
[Black "Simonovic, Miroslav"]
[WhiteFideId "9918264"]
[BlackFideId "919152"]
[WhiteElo "1570"]
[BlackElo "2082"]
[Result "1-0"]
[Round "10"]
[TimeControl "180+2"]
[Date "2023.01.03"]
[WhiteClock "0:01:09"]
[BlackClock "0:01:45"]

1. e4 c5 2. Nf3 Nc6 3. d4 cxd4 4. Nxd4 a6 5. Nc3 e5 6. Nf5 d6 7. Be3 Nf6 8. f3 Bxf5 9. exf5 d5 10. Bg5 d4 11. Ne4 Be7 12. Bxf6 Bxf6 13. Bc4 O-O 14. O-O b5 15. Bb3 Bg5 16. Qe2 Be3+ 17. Kh1 Kh8 18. Rad1 b4 19. c3 bxc3 20. bxc3 f6 21. cxd4 exd4 22. Nc5 Re8 23. Ne6 Qa5 24. Rfe1 Qxf5 25. Nc7 Qh5 26. Nxa8 Rxa8 27. g4 Qh4 28. Bd5 Rc8 29. Bxc6 Rxc6 30. Qxe3 h5 31. Qe8+ Kh7 32. Qxc6 Qf2 33. Qe4+ g6 34. Qe7+ Kh6 35. Qxf6 hxg4 36. Qf4+ g5 37. Re6+ Kh5 38. Qf7+ Kh4 39. Qh7# 1-0


[Site "https://www.chess.com"]